Map: Proxima Station LE

Players

Harstem - Winner!

  • Race: Protoss Protoss
  • League: Master
  • Spawn Location: 1:00

SortOf

  • Race: Zerg Zerg
  • League: Master
  • Spawn Location: 7:00

Event: HomeStory Cup XV

VOD

Have the link to the VOD?

Description

Time

  • Played on: July 22, 2017, 11:22 a.m.
  • Length: 12:39

All games in this series

Show
View Real Time Build Order
Export as new Build Order

Harstem Protoss - Winner!

Build Orders: 1 Gate Expand, Oracle Opening, Zealot Archon 

Get SALT Encoding   

  12  0:00  Probe (Chrono Boost)  
  13  0:11  Probe (Chrono Boost)  
  14  0:17  Pylon  
  14  0:22  Probe (Chrono Boost)  
  16  0:35  Probe (Chrono Boost)  
  16  0:38  Gateway  
  16  0:46  Probe (Chrono Boost)  
  17  0:50  Assimilator  
  17  0:56  Probe (Chrono Boost)  
  18  1:07  Probe (Chrono Boost)  
  19  1:18  Probe (Chrono Boost)  
  20  1:25  Nexus  
  20  1:32  Cybernetics Core  
  20  1:36  Probe (Chrono Boost)  
  21  1:41  Assimilator  
  21  1:46  Probe (Chrono Boost)  
  22  1:50  Pylon  
  22  1:57  Probe (Chrono Boost)  
  23  2:08  Probe (Chrono Boost)  
  23  2:09  Adept (Chrono Boost)  
  23  2:14  Stargate  
  26  2:19  Probe (Chrono Boost)  
  27  2:23  Warp Gate  
  27  2:31  Probe (Chrono Boost)  
  28  2:37  Stalker (Chrono Boost)  
  28  2:39  Probe  
  28  2:42  Probe (Chrono Boost)  
  32  2:50  Probe (Chrono Boost)  
  33  2:54  Probe (Chrono Boost)  
  34  3:00  Probe (Chrono Boost), Oracle (Chrono Boost)  
  34  3:05  Probe  
  39  3:10  Probe  
  40  3:17  Probe  
  40  3:19  Pylon  
  41  3:21  Probe  
  42  3:29  Probe  
  42  3:31  Probe, Nexus  
  44  3:37  Pylon  
  47  3:41  Oracle (Chrono Boost)  
  47  3:42  Probe x2  
  49  3:52  Gateway  
  49  3:54  Probe  
  50  3:59  Probe  
  51  4:04  Gateway  
  51  4:06  Probe  
  51  4:09  Pylon  
  52  4:12  Probe  
  51  4:19  Assimilator  
  51  4:20  Mothership Core (Chrono Boost)  
  51  4:22  Assimilator  
  53  4:24  Probe (Chrono Boost)  
  54  4:37  Probe (Chrono Boost)  
  55  4:40  Probe (Chrono Boost)  
  56  4:46  Probe (Chrono Boost)  
  56  4:47  Probe (Chrono Boost)  
  56  4:48  Forge, Robotics Facility  
  56  4:49  Twilight Council  
  56  4:50  Sentry  
  56  4:51  Zealot, Probe (Chrono Boost)  
  63  4:55  Probe (Chrono Boost), Phoenix (Chrono Boost)  
  63  4:56  Probe  
  67  5:02  Probe  
  67  5:03  Pylon  
  67  5:05  Probe  
  67  5:07  Probe  
  70  5:14  Probe  
  70  5:15  Protoss Ground Weapons Level 1 (Chrono Boost)  
  70  5:16  Probe  
  70  5:17  Pylon, Probe  
  70  5:18  Pylon  
  73  5:26  Probe x2  
  73  5:28  Probe  
  75  5:30  Charge (Chrono Boost)  
  75  5:32  Templar Archives  
  76  5:36  Pylon  
  76  5:37  Probe  
  76  5:38  Probe  
  78  5:45  Probe  
  78  5:46  Warp Prism (Chrono Boost)  
  78  5:47  Probe  
  78  5:49  Gateway  
  82  5:50  Gateway  
  82  5:52  Gateway  
  82  5:55  Probe  
  83  5:57  Assimilator, Psionic Storm  
  83  5:58  Zealot  
  83  6:00  Probe  
  83  6:03  Probe, Assimilator  
  86  6:07  Probe  
  88  6:12  Probe  
  88  6:14  Photon Cannon, Probe  
  90  6:21  Warp Prism (Chrono Boost)  
  90  6:24  Pylon  
  90  6:25  Zealot x2  
  96  6:26  Zealot  
  96  6:30  Pylon  
  98  6:34  Gateway  
  98  6:36  Gateway  
  98  6:38  Pylon  
  98  6:41  Gateway  
  98  6:45  High Templar  
  98  6:46  High Templar  
  102  6:52  Photon Cannon, High Templar x2  
  102  6:53  High Templar  
  108  6:57  Immortal (Chrono Boost)  
  112  7:05  Probe  
  113  7:09  Gateway  
  113  7:13  Pylon  
  113  7:17  Pylon  
  113  7:18  Zealot, High Templar  
  117  7:23  Archon  
  117  7:24  Zealot x2  
  117  7:25  Protoss Ground Weapons Level 2 (Chrono Boost)  
  121  7:33  Probe (Chrono Boost)  
  121  7:34  Probe (Chrono Boost)  
  121  7:35  Probe (Chrono Boost)  
  120  7:41  High Templar  
  120  7:42  Zealot x2, High Templar  
  126  7:44  Probe x2  
  128  7:52  Nexus  
  128  7:54  Pylon  
  128  7:55  High Templar x2  
  128  7:56  Zealot x2  
  128  7:58  Pylon, Immortal  
  140  8:00  Archon  
  140  8:02  Archon  
  140  8:04  Zealot x2  
  138  8:06  Probe  
  138  8:08  Pylon  
  138  8:11  Pylon  
  139  8:13  Photon Cannon  
  139  8:15  Pylon  
  139  8:19  Zealot x5  
  149  8:23  Zealot  
  149  8:24  Zealot  
  144  8:28  Zealot x2  
  148  8:35  High Templar  
  148  8:38  Immortal  
  148  8:39  Probe  
  148  8:40  Probe  
  148  8:41  Robotics Facility  
  145  8:48  High Templar x2  
  146  8:49  High Templar  
  146  8:50  Probe  
  146  8:52  Probe  
  146  8:54  Archon  
  152  8:56  Archon  
  152  8:57  Zealot x2  
  152  8:58  Zealot x3  
  152  9:01  Zealot  
  144  9:25  Zealot x6  
  144  9:26  Zealot x4  
  144  9:31  Photon Cannon  
  164  9:32  Photon Cannon  
  168  9:41  Immortal (Chrono Boost)  
  168  9:42  Immortal (Chrono Boost)  
  168  9:47  High Templar x2  
  168  9:48  High Templar x2  
  168  9:52  Zealot x3  
  180  9:56  Zealot x2  
  184  10:01  Assimilator  
  184  10:02  Assimilator  
  184  10:06  Zealot  
  168  10:15  Zealot x3  
  168  10:16  Probe  
  168  10:17  Probe x2, Immortal (Chrono Boost)  
  168  10:19  Observer (Chrono Boost), Probe  
  168  10:20  Photon Cannon  
  170  10:28  Zealot x4, Probe  
  179  10:39  High Templar  
  179  10:40  High Templar x3  
  181  10:46  Archon  
  181  10:47  Archon  
  165  10:52  Zealot x6  
  175  11:02  Immortal (Chrono Boost)  
  175  11:04  Immortal (Chrono Boost)  
  171  11:13  High Templar x3  
  171  11:14  Zealot x4  
  171  11:15  High Templar  
  171  11:16  High Templar  
  185  11:19  Archon  
  179  11:47  Zealot x8  
  173  11:51  Warp Prism (Chrono Boost)  
  191  11:56  Immortal (Chrono Boost)  
  191  12:01  Archon  
  169  12:03  Zealot x2  
  169  12:18  Fleet Beacon  
  169  12:20  Stargate  
  169  12:22  Zealot x5  
  175  12:28  Zealot x2  
  175  12:29  Zealot x2  
Show
View Real Time Build Order
Export as new Build Order

SortOf Zerg 

Build Orders: Hatch First 

Get SALT Encoding   

  12  0:01  Drone  
  13  0:13  Overlord  
  13  0:16  Drone  
  14  0:31  Drone x2  
  16  0:36  Drone  
  17  0:52  Hatchery  
  17  0:55  Drone  
  17  0:58  Drone  
  18  1:09  Extractor  
  17  1:14  Spawning Pool  
  17  1:17  Drone  
  17  1:20  Drone  
  18  1:29  Drone  
  19  1:39  Drone  
  20  1:47  Hatchery  
  20  1:51  Drone  
  20  2:01  Queen  
  22  2:05  Drone  
  23  2:12  Queen  
  25  2:20  Overlord  
  25  2:24  Drone  
  25  2:26  Drone  
  25  2:28  Zergling x2  
  28  2:33  Metabolic Boost  
  28  2:39  Overlord  
  28  2:42  Zergling x2  
  29  2:46  Drone  
  29  2:47  Drone  
  31  2:53  Drone  
  32  3:00  Zergling x2  
  32  3:01  Queen, Drone  
  32  3:04  Drone  
  37  3:08  Drone  
  37  3:09  Drone  
  37  3:11  Drone  
  40  3:17  Drone  
  41  3:20  Spore Crawler  
  41  3:22  Queen  
  41  3:26  Drone x2  
  44  3:30  Drone  
  44  3:33  Drone x2  
  47  3:36  Overlord  
  47  3:39  Zergling x4  
  49  3:44  Drone  
  49  3:45  Spore Crawler  
  49  3:47  Drone  
  50  3:51  Spore Crawler  
  50  3:52  Drone  
  50  3:58  Drone x2  
  52  4:03  Drone x3  
  52  4:04  Drone  
  52  4:05  Overlord  
  56  4:15  Drone x3  
  58  4:22  Pneumatized Carapace  
  58  4:23  Baneling Nest, Evolution Chamber  
  58  4:24  Overlord  
  54  4:25  Drone x2  
  57  4:34  Drone  
  57  4:35  Queen, Overlord  
  60  4:42  Drone  
  60  4:43  Drone x4  
  65  4:48  Drone  
  65  4:50  Drone x2  
  65  4:52  Lair  
  67  4:55  Extractor  
  67  4:57  Drone x4  
  67  4:58  Drone x2  
  72  5:03  Zergling x2  
  72  5:04  Zergling x4  
  72  5:05  Overlord  
  75  5:11  Queen  
  76  5:14  Extractor x3, Drone  
  76  5:17  Drone x3  
  76  5:20  Drone x2  
  79  5:21  Zerg Melee Weapons Level 1  
  79  5:22  Drone x2  
  79  5:26  Overlord x2  
  81  5:40  Drone x2  
  78  5:45  Drone x2  
  78  5:46  Drone x3  
  78  5:48  Extractor  
  79  5:50  Hatchery  
  79  5:55  Hydralisk Den  
  77  5:57  Overlord  
  77  6:00  Drone x3  
  77  6:01  Drone, Overlord  
  81  6:05  Zergling x14  
  81  6:08  Centrifical Hooks  
  88  6:14  Overlord  
  88  6:15  Drone  
  88  6:16  Drone  
  90  6:19  Overlord  
  90  6:25  Baneling x3  
  90  6:27  Hydralisk x4  
  98  6:35  Hydralisk x3  
  98  6:36  Hydralisk  
  106  6:40  Hydralisk x2  
  106  6:46  Hydralisk  
  106  6:47  Hydralisk  
  110  6:52  Overlord  
  114  6:58  Hydralisk x4  
  122  7:03  Drone x2  
  122  7:05  Overlord  
  124  7:10  Zergling x14  
  131  7:21  Spore Crawler  
  130  7:24  Zergling x10  
  130  7:25  Zergling x8  
  139  7:36  Overlord x3  
  136  7:41  Overseer, Zerg Melee Weapons Level 2  
  136  7:43  Overlord  
  136  7:45  Baneling x11  
  134  7:51  Overlord  
  134  7:52  Overlord  
  134  7:56  Queen  
  134  7:57  Muscular Augments  
  127  8:02  Hydralisk  
  127  8:03  Hydralisk x4  
  137  8:07  Hydralisk x2  
  141  8:14  Drone x2  
  141  8:17  Zergling x12  
  149  8:32  Zergling x4  
  149  8:33  Zergling x24  
  152  8:44  Drone x2  
  154  8:50  Hydralisk x4  
  154  8:51  Zergling x12  
  168  8:57  Baneling x7  
  166  9:06  Zergling x14  
  161  9:21  Hydralisk x3  
  146  9:24  Zergling x10  
  146  9:25  Zergling x4  
  146  9:28  Baneling x9  
  150  9:38  Zergling x12  
  150  9:39  Zergling x12  
  150  9:43  Baneling x12  
  161  9:48  Zergling x6  
  164  9:56  Baneling x4  
  164  9:57  Zergling x6  
  167  10:04  Zergling x16  
  170  10:07  Baneling  
  170  10:08  Baneling x8  
  160  10:18  Zergling x14  
  160  10:21  Baneling x12  
  164  10:22  Baneling x4  
  164  10:29  Overlord  
  164  10:38  Hydralisk x2, Baneling x4  
  164  10:39  Zergling x2  
  164  10:42  Hatchery  
  159  10:53  Hydralisk x6  
  159  10:54  Zergling x6  
  165  11:02  Drone x2  
  159  11:07  Drone x2  
  159  11:08  Drone  
  159  11:18  Baneling x8  
  157  11:19  Baneling x9  
  157  11:20  Hydralisk x2  
  157  11:21  Zergling x12  
  163  11:37  Zergling x2  
  163  11:38  Zergling x2  
  160  11:46  Hydralisk x5  
  163  11:55  Baneling  
  151  12:03  Hydralisk  
  151  12:04  Hydralisk x4  
  151  12:05  Zergling x2  
  151  12:08  Hydralisk x4  
  145  12:13  Hydralisk x2  
  145  12:14  Zergling x4  
  159  12:17  Zergling x2  
Tags
 
Add a new tag
Caveats
  • Supply blocks, unpowered buildings, or Contaminate may cause inaccurate times.
  • Supply counts are checked every 10 seconds.